AoeStats
← Hayriii1907

Arena

510848767Analyzed
4v4 RM · 9h ago on Oct 2, 2026· 58m 36s· 8 players
Game mode
Random Map
Map size
Large (8 player)
Population
200
Speed
Normal
Resources
Standard
Victory
Conquest
Starting age
Dark Age
Ending age
Imperial Age
RankedLock teamsTeams togetherTeam positionsShared explorationLock speedFull tech treeHidden civsTurbo modeCheats
Victory
Defeat
🇧🇷 Franks · Brazil
710
+8
🇨🇿 Teutons · Czechia
618
+12
🇧🇷 Celts · Brazil
587
+13
🇺🇸 Franks · United States
570
+14
🇩🇪 Cumans · Germany
620
-16
🇩🇪 Khmer · Germany
530
-12
🇩🇪 Magyars · Germany
474
-10
🇩🇪 Spanish · Germany
461
-9
Scott
10:10 Feudal Age
21:14 Castle Age
32:39 Loom
35:27 Imperial Age
34:45 Husbandry
35:28 Cavalier
36:59 Paladin
43:02 Caravan
44:49 Wheelbarrow
44:06 Gold Mining
44:09 Double-Bit Axe
48:27 Hand Cart
48:52 Gold Shaft Mining
48:33 Bow Saw
48:41 Scale Barding Armor
48:49 Forging
57:32 Chain Barding Armor
57:50 Iron Casting
59:44 Plate Barding Armor
zibo4074
1:11 Loom
11:40 Feudal Age
12:14 Double-Bit Axe
12:16 Horse Collar
20:46 Castle Age
18:17 Man-at-Arms
29:22 Gold Mining
29:22 Stone Mining
30:12 Wheelbarrow
32:09 Hand Cart
32:43 Stone Shaft Mining
31:56 Arson
31:32 Long Swordsman
31:33 Pikeman
32:13 Squires
32:17 Scale Mail Armor
36:03 Town Watch
36:27 Heavy Plow
36:40 Bow Saw
41:51 Imperial Age
39:21 Gambesons
39:40 Padded Archer Armor
39:30 Fletching
39:51 Forging
39:56 Chain Mail Armor
40:22 Town Patrol
41:21 Ironclad
42:11 Ballistics
42:02 Masonry
43:02 Conscription
42:32 Elite Skirmisher
44:48 Chemistry
44:10 Fortified Wall
45:13 Crop Rotation
45:46 Two-Man Saw
46:57 Iron Casting
46:18 Bodkin Arrow
46:39 Leather Archer Armor
46:54 Plate Mail Armor
46:32 Scale Barding Armor
45:52 Halberdier
47:06 Elite Teutonic Knight
48:22 Hoardings
47:54 Onager
48:54 Sappers
49:18 Crossbowman
50:24 Crenellations
lula2026
0:28 Loom
13:26 Feudal Age
14:59 Wheelbarrow
14:43 Horse Collar
16:01 Double-Bit Axe
17:20 Town Watch
20:25 Castle Age
18:25 Stone Mining
23:14 Gold Mining
23:59 Bow Saw
23:52 Heavy Plow
25:49 Pikeman
28:11 Stronghold
28:50 Arson
28:51 Gambesons
32:18 Gold Shaft Mining
35:15 Hand Cart
43:42 Imperial Age
44:33 Stone Shaft Mining
44:18 Forging
44:09 Scale Mail Armor
44:10 Heated Shot
44:41 Ballistics
44:19 Capped Ram
45:34 Siege Ram
46:44 Heavy Scorpion
48:36 Furor Celtica
51:19 Chemistry
58:16 Elite Woad Raider
59:32 Hoardings
58:28 Sappers
Zhukov
1:38 Loom
14:49 Feudal Age
16:46 Double-Bit Axe
19:43 Castle Age
22:25 Caravan
29:40 Wheelbarrow
28:52 Town Watch
39:42 Imperial Age
37:35 Hand Cart
37:21 Town Patrol
37:32 Scale Barding Armor
37:28 Scale Mail Armor
37:39 Forging
37:20 Fletching
37:31 Padded Archer Armor
39:11 Husbandry
40:17 Coinage
39:46 Cavalier
40:19 Double-Bit Axe
40:48 Gold Mining
40:49 Stone Mining
41:38 Iron Casting
41:19 Chain Mail Armor
42:19 Chain Barding Armor
43:59 Blast Furnace
42:55 Bodkin Arrow
43:15 Leather Archer Armor
43:57 Banking
44:17 Paladin
45:58 Bow Saw
46:09 Chivalry
47:43 Hoardings
48:24 Plate Mail Armor
48:44 Plate Barding Armor
53:09 Elite Throwing Axeman
56:28 Gold Shaft Mining
Hayriii1907
11:10 Feudal Age
19:37 Arson
26:20 Castle Age
33:21 Double-Bit Axe
34:02 Murder Holes
34:56 Horse Collar
38:52 Imperial Age
36:43 Fletching
36:56 Crossbowman
38:58 Pikeman
42:00 Chemistry
43:42 Heavy Plow
43:54 Padded Archer Armor
44:31 Thumb Ring
45:51 Leather Archer Armor
46:42 Gold Mining
48:41 Bow Saw
50:14 Crop Rotation
50:49 Elite Steppe Lancer
Turko-Apo57
17:31 Feudal Age
24:16 Castle Age
Aykuuut1907
12:17 Feudal Age
23:20 Gold Mining
33:27 Double-Bit Axe
34:50 Horse Collar
40:12 Castle Age
41:37 Light Cavalry
41:42 Crossbowman
41:49 Pikeman
43:48 Ballistics
44:44 Scale Barding Armor
44:59 Elite Skirmisher
46:42 Husbandry
46:49 Scale Mail Armor
47:22 Heavy Plow
49:37 Loom
49:27 Man-at-Arms
51:13 Padded Archer Armor
51:04 Fletching
51:54 Heated Shot
57:14 Imperial Age
57:51 Elite Magyar Huszar
Ottoman5734
11:48 Feudal Age
22:34 Castle Age
20:50 Horse Collar
20:59 Double-Bit Axe
21:50 Padded Archer Armor
21:40 Fletching
23:03 Light Cavalry
24:03 Heavy Plow
27:08 Stone Mining
28:25 Gold Mining
30:04 Bow Saw
30:59 Bodkin Arrow
32:09 Bloodlines
32:00 Husbandry
33:22 Wheelbarrow
37:34 Imperial Age
35:55 Elite Skirmisher
36:50 Fortified Wall
36:51 Masonry
37:16 Leather Archer Armor
37:36 Thumb Ring
38:19 Cavalier
42:58 Hussar
43:15 Pikeman
43:42 Gambesons
44:23 Scale Mail Armor
44:29 Squires
44:15 Arson
46:58 Two-Man Saw
47:07 Hand Cart
49:52 Forging
49:48 Scale Barding Armor
52:23 Architecture
Connection lost

Rejoining the realm…

Still unreachable

The connection could not be restored.

Session expired

The server has moved on; the page needs a fresh start.